Map: Inferno Pools

Players

Kantuva - Winner!

  • Race: Zerg Zerg
  • Spawn Location: 5:00

Dragonei

  • Race: Zerg Zerg
  • Spawn Location: 7:00

VOD

Have the link to the VOD?

Description

Time

  • Played on: April 1, 2015, 8:04 p.m.
  • Length: 5:04
Show
View Real Time Build Order
Export as new Build Order

Kantuva Zerg - Winner!

Build Orders: Hatch First, Zergling Baneling 

Get SALT Encoding   

  12  0:01  Drone  
  13  0:13  Overlord  
  13  0:19  Drone  
  14  0:31  Drone  
  14  0:32  Drone  
  16  0:50  Hatchery  
  16  0:53  Drone  
  16  0:55  Drone  
  17  0:59  Extractor  
  16  1:14  Spawning Pool  
  15  1:20  Drone  
  15  1:22  Drone  
  17  1:26  Drone  
  17  1:32  Drone  
  19  1:43  Overlord  
  19  2:01  Queen  
  19  2:02  Queen  
  19  2:05  Metabolic Boost  
  23  2:10  Zergling x2  
  24  2:17  Zergling x2  
  24  2:18  Zergling x2  
  24  2:21  Drone  
  27  2:33  Drone x2  
  29  2:47  Baneling Nest  
  28  2:51  Drone x2  
  28  2:52  Drone x2  
  32  2:59  Drone x2  
  34  3:14  Overlord  
  34  3:29  Overlord  
  34  3:30  Overlord  
  34  3:35  Zergling x4  
  34  3:38  Baneling  
  34  3:39  Baneling x2  
  37  3:48  Zergling x12  
  37  3:49  Zergling x10  
  37  3:54  Baneling x3  
  47  3:58  Drone x2  
  46  4:28  Drone x4  
  46  4:29  Drone x3  
  51  4:32  Baneling  
  51  4:33  Baneling x3  
Show
View Real Time Build Order
Export as new Build Order

Dragonei Zerg 

Build Orders: Hatch First 

Get SALT Encoding   

  12  0:02  Drone  
  13  0:09  Drone  
  14  0:35  Hatchery  
  14  0:39  Drone  
  14  0:54  Spawning Pool  
  13  1:02  Drone  
  14  1:11  Overlord  
  14  1:31  Drone x3  
  17  1:40  Queen  
  17  1:45  Extractor  
  19  1:47  Drone  
  19  1:51  Drone  
  20  2:00  Drone  
  20  2:01  Drone  
  22  2:14  Drone x3  
  25  2:16  Queen  
  27  2:34  Drone, Overlord  
  27  2:36  Overlord  
  28  2:47  Metabolic Boost  
  28  2:52  Queen  
  30  2:58  Drone  
  30  2:59  Drone x2  
  30  3:00  Zergling x2  
  30  3:01  Zergling x4  
  35  3:14  Drone x4  
  38  3:28  Zergling x8  
  38  3:29  Zergling x2  
  43  3:40  Roach Warren  
  42  3:47  Drone x2  
  44  3:57  Spine Crawler  
  43  4:10  Drone  
  43  4:13  Extractor  
  37  4:24  Zergling x2  
  37  4:25  Zergling x10  
  37  4:31  Zergling x14  
  43  4:37  Roach  
Tags
 
Add a new tag
Caveats
  • Supply blocks, unpowered buildings, or Contaminate may cause inaccurate times.
  • Supply counts are checked every 10 seconds.